Map: Bel'Shir Vestige LE (Void)

Players

Columbo

  • Race: Protoss Protoss
  • League: Diamond
  • Spawn Location: 5:00

Kiwistan - Winner!

  • Race: Zerg Zerg
  • League: Diamond
  • Spawn Location: 11:00

VOD

Have the link to the VOD?

Description

Time

  • Played on: March 20, 2017, 3:14 p.m.
  • Length: 6:44
Show
View Real Time Build Order
Export as new Build Order

Columbo Protoss 

Build Orders: 1 Gate Expand 

Get SALT Encoding   

  12  0:00  Probe (Chrono Boost)  
  13  0:11  Probe (Chrono Boost)  
  14  0:18  Pylon  
  14  0:22  Probe (Chrono Boost)  
  15  0:37  Probe (Chrono Boost)  
  15  0:41  Gateway  
  16  0:46  Assimilator  
  16  0:48  Probe (Chrono Boost)  
  17  0:59  Probe (Chrono Boost)  
  18  1:10  Probe (Chrono Boost)  
  19  1:24  Nexus  
  19  1:28  Probe (Chrono Boost)  
  20  1:38  Cybernetics Core  
  20  1:41  Probe (Chrono Boost)  
  21  1:50  Assimilator  
  21  1:52  Probe (Chrono Boost)  
  22  1:57  Pylon  
  22  2:02  Probe (Chrono Boost)  
  23  2:15  Warp Gate  
  23  2:16  Adept, Probe (Chrono Boost)  
  26  2:27  Probe (Chrono Boost)  
  26  2:28  Twilight Council  
  27  2:36  Probe (Chrono Boost)  
  28  2:37  Probe (Chrono Boost)  
  29  2:47  Probe (Chrono Boost)  
  29  2:48  Adept, Probe (Chrono Boost)  
  29  2:51  Resonating Glaives  
  33  2:57  Probe (Chrono Boost)  
  34  2:59  Probe (Chrono Boost)  
  35  3:15  Adept  
  37  3:24  Gateway x2  
  37  3:27  Probe (Chrono Boost)  
  39  3:28  Probe (Chrono Boost)  
  41  3:42  Adept, Mothership Core (Chrono Boost)  
  41  3:48  Pylon  
  43  3:50  Nexus  
  43  3:55  Pylon  
  43  3:58  Pylon  
  43  4:01  Probe (Chrono Boost)  
  43  4:02  Probe (Chrono Boost)  
  45  4:12  Probe (Chrono Boost)  
  45  4:14  Probe (Chrono Boost)  
  47  4:20  Adept  
  47  4:21  Adept x2  
  47  4:22  Probe (Chrono Boost)  
  54  4:26  Probe (Chrono Boost)  
  55  4:33  Probe (Chrono Boost)  
  55  4:38  Probe (Chrono Boost)  
  57  4:42  Robotics Facility  
  57  4:44  Probe (Chrono Boost)  
  58  4:50  Probe (Chrono Boost)  
  59  4:54  Probe (Chrono Boost)  
  60  5:02  Probe (Chrono Boost)  
  60  5:05  Probe (Chrono Boost)  
  52  5:09  Probe (Chrono Boost)  
  52  5:14  Probe (Chrono Boost), Zealot  
  52  5:15  Probe (Chrono Boost)  
  52  5:19  Pylon  
  53  5:23  Templar Archives, Probe (Chrono Boost), Forge  
  53  5:26  Probe (Chrono Boost), Gateway  
  55  5:28  Gateway  
  55  5:30  Gateway, Assimilator  
  55  5:31  Assimilator  
  55  5:32  Observer, Assimilator  
  55  5:33  Assimilator  
  56  5:45  Probe (Chrono Boost)  
  56  5:46  Gateway  
  56  5:47  Gateway, Probe (Chrono Boost)  
  58  5:52  Probe (Chrono Boost)  
  58  5:54  Pylon  
  58  5:55  Immortal  
  58  5:56  Probe (Chrono Boost)  
  60  5:57  Pylon  
  64  6:09  Probe (Chrono Boost)  
  64  6:10  Probe x2 (Chrono Boost)  
  67  6:19  Probe (Chrono Boost)  
  67  6:22  Probe (Chrono Boost)  
  67  6:23  Probe (Chrono Boost)  
  70  6:26  Pylon  
  70  6:27  Pylon  
  70  6:30  Probe (Chrono Boost)  
  71  6:34  High Templar  
  71  6:35  High Templar  
  71  6:38  Zealot x2  
Show
View Real Time Build Order
Export as new Build Order

Kiwistan Zerg - Winner!

Build Orders: Pool First 

Get SALT Encoding   

  12  0:01  Drone  
  13  0:12  Overlord  
  13  0:16  Drone  
  14  0:30  Drone  
  14  0:31  Drone  
  14  0:35  Drone  
  17  0:45  Spawning Pool  
  17  0:47  Drone  
  17  1:08  Hatchery  
  17  1:10  Extractor  
  15  1:12  Drone  
  15  1:15  Drone  
  17  1:19  Drone  
  18  1:28  Drone  
  19  1:35  Queen  
  21  1:42  Zergling x2  
  22  1:50  Overlord  
  22  2:12  Hatchery  
  21  2:15  Queen  
  24  2:22  Drone  
  24  2:23  Drone x2  
  24  2:29  Drone  
  27  2:31  Drone  
  28  2:41  Drone  
  28  2:43  Drone  
  30  2:48  Drone x3  
  30  2:49  Overlord  
  33  2:55  Drone  
  34  3:04  Metabolic Boost  
  34  3:06  Drone x2  
  34  3:11  Drone  
  37  3:14  Drone x2  
  37  3:15  Drone  
  40  3:21  Overlord  
  40  3:29  Drone x2  
  40  3:30  Extractor, Drone  
  42  3:34  Evolution Chamber  
  42  3:36  Baneling Nest, Drone x2  
  42  3:37  Drone  
  42  3:38  Drone  
  42  3:40  Queen  
  46  3:42  Drone  
  46  3:47  Zergling x4  
  46  3:48  Zergling x4  
  51  3:49  Zergling x4  
  55  3:57  Overlord  
  53  4:03  Zerg Melee Weapons Level 1  
  53  4:04  Zergling x4  
  53  4:08  Zergling x2  
  53  4:09  Zergling x2  
  57  4:10  Zergling x2  
  58  4:18  Zergling x6  
  58  4:20  Baneling x3  
  58  4:21  Baneling  
  61  4:28  Baneling  
  61  4:33  Drone  
  61  4:34  Overlord x3  
  62  4:40  Drone x2  
  62  4:41  Hatchery, Drone x3  
  56  5:11  Drone x5  
  56  5:12  Drone x8  
  56  5:13  Drone x2  
  71  5:15  Extractor  
  70  5:21  Pneumatized Carapace  
  70  5:23  Queen  
  70  5:25  Lair  
  70  5:26  Hatchery  
  70  5:27  Overlord  
  71  5:33  Extractor  
  71  5:35  Drone x2  
  72  5:36  Roach Warren  
  72  5:37  Drone x2  
  72  5:38  Extractor, Drone  
  73  5:58  Drone  
  73  6:00  Drone x2  
  76  6:04  Baneling x3  
  76  6:05  Baneling  
  76  6:06  Baneling x2  
  76  6:07  Baneling  
  76  6:12  Overlord  
  76  6:13  Overlord x2  
  76  6:14  Zergling x2  
  76  6:15  Zergling x32  
  107  6:44  Extractor  
Tags
 
Add a new tag
Caveats
  • Supply blocks, unpowered buildings, or Contaminate may cause inaccurate times.
  • Supply counts are checked every 10 seconds.